AoeStats
← BetitoLindo

Black Forest

504914102Analyzed
3v3 RM · 24d ago on Sep 7, 2026· 51m 11s· 6 players
Game mode
Random Map
Map size
Normal (6 player)
Population
200
Speed
Normal
Resources
Standard
Victory
Conquest
Starting age
Dark Age
Ending age
Imperial Age
RankedLock teamsTeams togetherTeam positionsShared explorationLock speedFull tech treeHidden civsTurbo modeCheats
Victory
Defeat
🇦🇷 Ethiopians · Argentina
1153
+15
🇺🇸 Dravidians · United States
1137
+16
🇨🇴 Bohemians · Colombia
1124
+16
🇨🇱 Mongols · Chile
1203
-19
🇦🇷 Magyars · Argentina
1147
-16
🇨🇱 Wei · Chile
1047
-12
Paint
3:37 Loom
11:50 Feudal Age
12:11 Horse Collar
17:40 Castle Age
17:27 Double-Bit Axe
22:35 Heavy Plow
25:42 Gold Mining
29:57 Imperial Age
27:32 Scale Mail Armor
27:55 Town Watch
28:48 Wheelbarrow
28:39 Town Patrol
29:00 Forging
29:37 Chain Mail Armor
29:26 Squires
29:12 Arson
30:06 Hand Cart
30:24 Stone Mining
30:59 Conscription
31:14 Plate Mail Armor
31:28 Gold Shaft Mining
31:46 Royal Heirs
32:29 Iron Casting
31:46 Fletching
32:16 Elite Shotel Warrior
34:10 Blast Furnace
35:41 Stone Shaft Mining
36:29 Caravan
37:53 Fortified Wall
37:55 Masonry
Teodoro
11:57 Feudal Age
13:33 Double-Bit Axe
13:31 Horse Collar
15:54 Castle Age
17:09 Bow Saw
22:17 Sanctity
22:48 Fervor
25:45 Wheelbarrow
25:23 Redemption
28:03 Loom
29:00 Devotion
28:56 Town Watch
29:27 Hand Cart
29:40 Fletching
29:51 Scale Mail Armor
29:15 Elite Skirmisher
30:54 Caravan
33:58 Imperial Age
31:15 Pikeman
31:56 Squires
32:20 Ballistics
32:13 Masonry
32:12 Bodkin Arrow
32:10 Treadmill Crane
35:11 Chemistry
34:22 Fortified Wall
34:08 Murder Holes
34:15 Town Patrol
34:52 Siege Engineers
35:04 Block Printing
35:15 Illumination
35:26 Theocracy
34:56 Heavy Scorpion
35:45 Squires
35:32 Arson
36:16 Houfnice
37:28 Husbandry
36:48 Light Cavalry
38:01 Architecture
37:52 Bombard Tower
37:21 Man-at-Arms
38:11 Halberdier
38:27 Long Swordsman
40:08 Conscription
39:56 Wagenburg Tactics
39:23 Sappers
40:39 Padded Archer Armor
40:40 Bracer
40:50 Forging
40:46 Scale Barding Armor
40:58 Chain Mail Armor
40:52 Hussite Reforms
44:17 Faith
45:45 Plate Mail Armor
45:35 Chain Barding Armor
45:31 Leather Archer Armor
45:52 Iron Casting
48:58 Ring Archer Armor
51:08 Arrowslits
51:14 Guard Tower
51:36 Clinker Construction
51:32 Siphons
obi1nekinobi
1:34 Loom
12:38 Feudal Age
14:01 Double-Bit Axe
16:11 Gold Mining
17:54 Fishing Lines
18:13 Horse Collar
21:55 Castle Age
20:06 Stone Mining
22:56 Gillnets
24:49 Wheelbarrow
30:01 Imperial Age
28:08 Heavy Plow
28:21 Bow Saw
28:49 Hand Cart
30:30 Town Watch
31:53 Chemistry
31:07 Fletching
31:18 Padded Archer Armor
33:08 Ballistics
34:39 Bodkin Arrow
35:00 Leather Archer Armor
35:17 Medical Corps
36:16 Elite Elephant Archer
38:39 Thumb Ring
39:15 Pikeman
39:59 Squires
39:31 Elite Skirmisher
41:52 Scale Mail Armor
42:02 Forging
41:53 Bracer
41:59 Halberdier
45:51 Caravan
The Skydrill
0:29 Loom
8:47 Loom
11:07 Feudal Age
15:31 Castle Age
16:11 Double-Bit Axe
16:10 Horse Collar
17:24 Heavy Plow
18:16 Wheelbarrow
18:15 Bow Saw
23:20 Gold Mining
24:16 Hand Cart
26:34 Gold Mining
26:35 Stone Mining
27:54 Gold Shaft Mining
27:50 Town Watch
28:38 Caravan
33:47 Imperial Age
31:19 Town Patrol
31:30 Fletching
31:42 Padded Archer Armor
33:14 Bodkin Arrow
33:37 Leather Archer Armor
33:29 Scale Barding Armor
33:35 Forging
34:03 Capped Ram
35:20 Bracer
35:42 Chain Barding Armor
35:22 Scale Mail Armor
34:55 Elite Mangudai
35:08 Onager
36:35 Ballistics
37:35 Chemistry
37:02 Bloodlines
36:53 Husbandry
36:15 Light Cavalry
36:38 Siege Ram
38:30 Iron Casting
38:55 Hussar
THE EMINENCE
0:38 Loom
14:06 Feudal Age
18:12 Castle Age
16:49 Horse Collar
17:00 Double-Bit Axe
27:21 Wheelbarrow
27:12 Heavy Plow
27:22 Bow Saw
28:10 Caravan
28:38 Hand Cart
29:50 Gold Mining
29:50 Stone Mining
30:55 Town Watch
32:30 Gold Shaft Mining
34:35 Imperial Age
32:18 Scale Barding Armor
32:31 Corvinian Army
32:57 Town Patrol
33:20 Chain Barding Armor
33:52 Thumb Ring
33:40 Fletching
34:51 Bodkin Arrow
34:43 Elite Magyar Huszar
36:11 Plate Barding Armor
35:37 Bracer
36:00 Conscription
37:05 Crop Rotation
37:39 Two-Man Saw
37:11 Crop Rotation
38:52 Parthian Tactics
37:48 Heavy Cavalry Archer
42:11 Recurve Bow
BetitoLindo
1:09 Loom
13:07 Feudal Age
18:20 Castle Age
16:22 Double-Bit Axe
17:40 Horse Collar
20:27 Bow Saw
22:18 Gold Mining
27:05 Wheelbarrow
26:38 Heavy Plow
27:33 Gold Shaft Mining
27:04 Stone Mining
29:13 Hand Cart
29:54 Stone Shaft Mining
33:04 Imperial Age
31:02 Tuntian
31:02 Town Watch
31:35 Arson
31:51 Squires
31:11 Pikeman
33:32 Husbandry
33:42 Bloodlines
32:54 Light Cavalry
33:08 Heavy Hei Guang Cavalry
33:14 Heavy Hei Guang Cavalry
34:17 Conscription
34:22 Ming Guang Armor
35:33 Crop Rotation
35:09 Town Patrol
35:35 Forging
35:26 Scale Mail Armor
35:32 Scale Barding Armor
38:53 Iron Casting
38:39 Chain Barding Armor
42:24 Halberdier
45:02 Blast Furnace
47:13 Hussar
Connection lost

Rejoining the realm…

Still unreachable

The connection could not be restored.

Session expired

The server has moved on; the page needs a fresh start.